 Dungeon Crawl Stone Soup version 0.32-a0-732-ga344392067 (webtiles) character file.

Game seed: 4876175486508119847

32324 hikkokomori the Fighter (level 13, -6/109 HPs)
             Began as a Coglin Hunter on Mar 16, 2024.
             Was a High Priest of Okawaru.
             Killed by an exploding orc wizard (48 damage)
             ... ignited by their inner flame
             ... on level 1 of the Orcish Mines.
             The game lasted 00:37:19 (16605 turns).

hikkokomori the Fighter (Coglin Hunter)            Turns: 16605, Time: 00:37:19

Health: -6/109     AC:  5    Str: 11    XL:     13   Next: 63%
Magic:  19/19      EV: 16    Int: 10    God:    Okawaru [*****.]
Gold:   895        SH:  0    Dex: 22    Spells: 9/20 levels left

rFire   . . .        a - +4 sling (freeze) {Araceli}
rCold   . . .        S - +4 sling {Citlalmina}
rNeg    . . .        J - +1 robe of the Curupira {Slay+5}
rPois   .            l - +1 helmet
rElec   .            d - scarf of Defiance {repulsion, +Blink}
rCorr   .            (no gloves)
SInv    .            (no boots)
Will    .....        (amulet unavailable)
Stlth   +++          (ring unavailable)
HPRegen 0.38/turn    (ring unavailable)
MPRegen 0.16/turn    (no gizmo)

%: repel missiles
@: revved
A: off-hand wielding, slow wielding, warmup strikes, no jewellery
a: Invent Gizmo, Renounce Religion, Evoke Blink, Heroism, Finesse, Duel


You were on level 1 of the Orcish Mines.
You worshipped Okawaru.
Okawaru was extremely pleased with you.
You visited 4 branches of the dungeon, and saw 16 of its levels.
You also visited: Sewer and Bailey.

You collected 895 gold pieces.

Inventory:

Hand Weapons
 a - a +4 sling of freezing (weapon) {Araceli}
 G - the +8 trident of Truth {drain, ^Contam rElec rC+++ Stlth-}
   (You found it on level 1 of the Lair of Beasts)

   rC+++:     It renders you almost immune to cold.
   rElec:     It insulates you from electricity.
   ^Contam:   It causes magical contamination when unequipped.
   Stlth-:    It makes you less stealthy.
 S - a +4 sling (offhand) {Citlalmina}
Missiles
 s - a throwing net
Armour
 c - a +0 leather armour
 d - the scarf of Defiance (worn) {repulsion, +Blink}
   (You acquired it on level 3 of the Lair of Beasts)

   +Blink:    It lets you blink.
 l - a +1 helmet (worn)
 C - +0 fire dragon scales
 E - the +3 steam dragon scales of Eternal Vigilance {MP+9 Str+4 Int+4 Stlth-}
   (You found it in a bailey)

   Str+4:     It affects your strength (+4).
   Int+4:     It affects your intelligence (+4).
   MP+9:      It affects your magic capacity (+9).
   Stlth-:    It makes you less stealthy.
 J - the +1 robe of the Curupira (worn) {Slay+5}
   (You found it on level 10 of the Dungeon)

   Slay+5:    It affects your accuracy & damage with ranged weapons and melee
   (+5).
 K - a +2 robe of cold resistance
 M - a +0 cloak
Jewellery
 t - the ring "Zepligan" {rC+ rN+ EV+5 Dex+3 Stlth+}
   (You found it on level 4 of the Dungeon)

   [ring of evasion]

   EV+5:      It affects your evasion (+5).
   Dex+3:     It affects your dexterity (+3).
   rC+:       It protects you from cold.
   rN+:       It protects you from negative energy.
   Stlth+:    It makes you more stealthy.
Wands
 m - a wand of mindburst (31)
 q - a wand of polymorph (16)
 u - a wand of iceblast (12)
 Q - a wand of paralysis (8)
 R - a wand of flame (20)
Scrolls
 b - a scroll of butterflies
 e - 5 scrolls of noise
 f - 4 scrolls of amnesia
 r - 3 scrolls of teleportation
 x - 2 scrolls of poison
 y - a scroll of immolation
 z - 2 scrolls of blinking
 B - a scroll of enchant armour
 H - 3 scrolls of revelation
 N - a scroll of fear {unknown}
 O - a scroll of fog
 P - a scroll of vulnerability
Potions
 g - 3 potions of enlightenment
 h - 2 potions of mutation
 i - 6 potions of curing
 j - a potion of might {unknown}
 k - 5 potions of lignification {unknown}
 n - 6 potions of heal wounds
 o - 4 potions of haste
 p - 3 potions of brilliance {unknown}
 v - 2 potions of invisibility
 w - 2 potions of degeneration
 A - a potion of cancellation {unknown}
 F - a potion of magic {unknown}
 L - a potion of attraction {unknown}
Miscellaneous
 I - a lightning rod (4/4)


   Skills:
 - Level 12.4 Fighting
 - Level 10.0 Ranged Weapons
 - Level 2.2 Throwing
 + Level 7.4 Dodging
 - Level 3.1 Stealth
 - Level 4.0 Spellcasting
 - Level 2.0 Conjurations
 + Level 2.3 Fire Magic
 - Level 3.0 Air Magic
 + Level 5.0 Alchemy
 - Level 6.0 Invocations
 + Level 11.4 Evocations


You had 9 spell levels left.
You knew the following spells:

 Your Spells              Type           Power      Damage    Failure   Level
a - Mephitic Cloud        Conj/Alch/Air  8%         N/A       19%         3
b - Olgreb's Toxic Radia  Alch           12%        N/A       32%         4
c - Ignite Poison         Fire/Alch      9%         N/A       50%         4

Your spell library contained the following spells:

 Spells                   Type           Power      Damage    Failure   Level
 Sting                    Conj/Alch      36%        1d5       6%          1
 Mercury Vapours          Alch/Air       20%        N/A       8%          2
 Magic Dart               Conj           24%        1d4       11%         1
 Searing Ray              Conj           12%        2d4       17%         2
 Necrotise                Necr           8%         1d4       26%         1
 Volatile Blastmotes      Fire/Tloc      8%         2d10      43%         3
 Sticky Flame             Fire/Alch      9%         2d5       50%         4
 Fulminant Prism          Conj/Alch      4%         3d5       52%         4
 Sigil of Binding         Hex            2%         N/A       58%         3
 Vampiric Draining        Necr           2%         2d6       58%         3
 Leda's Liquefaction      Alch/Erth      3%         N/A       65%         4
 Alistair's Intoxication  Alch           8%         N/A       65%         5
 Iskenderun's Mystic Bla  Conj/Tloc      4%         2d3       86%         4
 Curse of Agony           Necr           2%         N/A       100%        5
 Ignition                 Fire           3%         3d4       100%        8
 Martyr's Knell           Necr/Summ      Unusable   N/A       N/A         4
 Death Channel            Necr           Unusable   N/A       N/A         6
 Sculpt Simulacrum        Ice/Alch       Unusable   N/A       N/A         6

Dungeon Overview and Level Annotations

Branches:
Dungeon (11/15)            Temple (1/1) D:5            Lair (3/5) D:10
  Swamp (0/4) Lair:3       Spider (0/4) Lair:3          Orc (1/2) D:11
  Sewer (visited)          Bailey (visited)

Altars:
Ashenzari
Cheibriados
Dithmenos
Elyvilon
Fedhas
Gozag
Hepliaklqana
Kikubaaqudgha
Makhleb
Nemelex Xobeh
Okawaru
Qazlal
Ru
Sif Muna
Trog
Uskayaw
Vehumet
Wu Jian
Xom
Yredelemnul
Zin
The Shining One
Beogh

Shops:
D:6 *   D:9 :   Orc:1 :

Annotations:
D:8 3 runed translucent doors, ytrimaz's ghost, novice OpEE


Innate Abilities, Weirdness & Mutations

You can wield a second weapon in your off-hand.
It takes a long time for you to wield or remove held weapons.
Your first few attacks do less damage.
You cannot equip rings or amulets.


Message History

The orcs go into a battle-frenzy!
An ogre comes into view. It is wielding a +0 giant spiked club.
An orc warrior comes into view. It is wielding a +0 halberd.
An orc wizard comes into view. It is wielding a +0 dagger.
You shoot a sling bullet. The sling bullet hits the orc warrior!
The sling bullet freezes the orc warrior.
The orc warrior is heavily wounded.
You shoot a sling bullet. The sling bullet hits the orc warrior!
The orc warrior is severely wounded.
The orc warlord roars a battlecry!
The orc knight goes into a battle-frenzy!
An orc warrior comes into view. It is wielding a +0 halberd.
An orc priest comes into view. It is wielding a +0 club.
You hear a shout! x2
Unknown command.
Unknown command.
Unknown command.
As you read the scroll of immolation, it crumbles to dust.
The creatures around you are filled with an inner flame!
The orc priest calls down the wrath of Beogh upon you.
Beogh smites you!
The orc warrior hits you with a +0 hand axe!
You hear a shout!
You shoot a sling bullet. The sling bullet hits the orc warrior!
Okawaru accepts your kill.
You shoot a sling bullet. The sling bullet hits the orc knight.
Flame seeps out of the orc knight.
The sling bullet freezes the orc knight.
Flame seeps out of the orc knight.
The orc knight is lightly wounded.
The orc warrior explodes!
The fiery explosion engulfs you!!!
The fiery explosion engulfs the orc knight!!!
Flame seeps out of the orc knight.
The orc knight is severely wounded.
The fiery explosion engulfs the orc wizard!!
Okawaru accepts your kill.
The orc wizard explodes!
The fiery explosion engulfs you!!!
You die...

#.....#......##...#
##.........###...#
#...........#....#
#...........#....##
##................##
##................#
#................## .
##.............§§§#....
##............@§oOo..)
###..........§§§oOOo.
##..........§§§#.o..
##............#.# o..
##...............# o
##............o.#.#
#.......#.........#
##.....##.......#.#
##................


You could see an orc warlord (inner flame, strong), an orc knight (inner flame,
strong), 3 orc warriors, 3 ogres, an orc priest (inner flame, strong), an orc
wizard (inner flame, strong) and an orc (strong).

Vanquished Creatures
  An eleionoma (Lair:3)
  An ettin (D:9)
  Fannar (D:10)
  2 hydras (D:9)
  A centaur warrior (D:9)
  2 boulder beetles (D:11)
  5 death yaks (Lair:3)
  3 two-headed ogres
  Nergalle (D:10)
  Pikel (D:4)
  5 cyclopes
  3 black mambas (Lair:1)
  4 cane toads
  3 kobold demonologists
  A freezing wraith (D:9)
  An unseen horror zombie (D:8)
  2 rime drakes
  4 komodo dragons
  A polar bear (Lair:3)
  A hornet (D:10)
  3 trolls
  Sigmund (D:3)
  A wraith (D:9)
  5 spriggans (Bailey)
  4 wyverns
  23 yaks
  3 basilisks
  A steam dragon (D:7)
  Grum (D:8)
  2 wargs (Orc:1)
  Eustachio (D:4)
  2 acid dragons
  14 water moccasins
  7 orc warriors
  3 black bears
  13 ogres
  2 ice beasts (D:6)
  A boggart (D:9)
  3 wolves (D:8)
  A centaur (D:8)
  A lemure (D:4)
  4 kobold brigands
  9 bullfrogs
  2 gnoll sergeants (D:8)
  8 scorpions
  15 wights
  4 killer bees (D:11)
  5 howler monkeys
  A bombardier beetle (D:4)
  4 hounds (D:5)
  2 gnoll boudas
  4 orc priests
  3 sleepcaps
  11 orc wizards
  Ijyb (D:5)
  Terence (D:1)
  2 iguanas
  A hell rat (Sewer)
  A killer bee zombie (D:8)
  Robin (D:2)
  6 adders
  15 gnolls
  2 river rats (Sewer)
  2 shadow imps (D:6)
  A white imp (D:4)
  A ribbon worm (D:4)
  42 orcs
  6 bats
  3 endoplasms
  6 giant cockroaches
  13 goblins
  6 hobgoblins
  6 jackals
  27 kobolds
  12 quokkas
  3 ball pythons (D:4)
  3 frilled lizards
  6 rats
374 creatures vanquished.

Vanquished Creatures (others)
  An orc wizard (D:5)
1 creature vanquished.

Grand Total: 375 creatures vanquished

Notes
Turn   | Place    | Note
-------+----------+-------------------------------------------
     0 | D:1      | hikkokomori the Coglin Hunter began the quest for the Orb.
     0 | D:1      | Reached XP level 1. HP: 16/16 MP: 1/1
   102 | D:1      | Reached skill level 1 in Stealth
   163 | D:1      | Reached XP level 2. HP: 22/22 MP: 2/2
   610 | D:1      | Reached XP level 3. HP: 28/28 MP: 3/3
   913 | D:2      | Noticed Robin
   915 | D:2      | Noticed Terence
   925 | D:1      | Killed Terence
   926 | D:1      | Reached XP level 4. HP: 19/34 MP: 4/4
   989 | D:2      | Killed Robin
  1147 | D:2      | You fall into a shaft and drop 1 floor!
  1766 | D:3      | Reached XP level 5. HP: 40/40 MP: 5/5
  1863 | D:3      | Found a glowing drain.
  1866 | D:3      | Reached skill level 3 in Fighting
  1880 | Sewer    | Entered a sewer
  2053 | D:3      | Noticed Sigmund
  2060 | D:3      | Killed Sigmund
  2061 | D:3      | Reached XP level 6. HP: 35/48 MP: 6/6
  2402 | D:4      | Reached skill level 4 in Fighting
  2402 | D:4      | Reached skill level 5 in Ranged Weapons
  2402 | D:4      | Reached XP level 7. HP: 37/54 MP: 7/7
  2758 | D:4      | Identified the ring "Zepligan" {rC+ rN+ EV+5 Dex+3 Stlth+}
  2774 | D:4      | Found a stormy altar of Qazlal.
  3124 | D:4      | Noticed Pikel
  3132 | D:4      | Killed Pikel
  3133 | D:4      | Reached skill level 6 in Fighting
  3133 | D:4      | Reached XP level 8. HP: 42/64 MP: 8/8
  3234 | D:4      | Found an ancient bone altar of Kikubaaqudgha.
  3241 | D:4      | Found a shimmering blue altar of Sif Muna.
  3243 | D:4      | Found a radiant altar of Vehumet.
  3248 | D:4      | Got Vehumet's Octavo of the Impact
  3298 | D:4      | Noticed Eustachio
  3317 | D:4      | Killed Eustachio
  3501 | D:5      | Entered Level 5 of the Dungeon
  3662 | D:5      | Noticed Ijyb
  3674 | D:5      | Killed Ijyb
  3882 | D:5      | Found a staircase to the Ecumenical Temple.
  3922 | Temple   | Entered the Ecumenical Temple
  3931 | Temple   | Became a worshipper of Warmaster Okawaru
  4095 | D:5      | Reached skill level 1 in Evocations
  4174 | D:5      | Reached skill level 7 in Fighting
  4175 | D:5      | Reached XP level 9. HP: 71/72 MP: 9/9
  4454 | D:6      | Found Zin's Purification Station.
  4462 | D:6      | Reached * piety under Okawaru
  4464 | D:6      | Found a glowing silver altar of Zin.
  4730 | D:6      | Got Sif Muna's Guide on Lapidary Azoth
  5251 | D:7      | Reached skill level 5 in Evocations
  5370 | D:7      | Found a hazy altar of Hepliaklqana.
  5371 | D:7      | Found a shimmering altar of Xom.
  5372 | D:7      | Noticed a spectral ugly thing
  5614 | D:8      | Found a runed translucent gate.
  5614 | D:8      | Found a runed translucent gate.
  5614 | D:8      | Found a runed translucent gate.
  5614 | D:8      | Noticed ytrimaz's ghost (novice OpEE)
  5616 | D:8      | Found a basalt altar of Yredelemnul.
  5629 | D:8      | Reached skill level 8 in Fighting
  6061 | D:8      | Reached ** piety under Okawaru
  6174 | D:8      | Noticed Grum
  6180 | D:8      | Killed Grum
  6183 | D:8      | Reached XP level 10. HP: 66/82 MP: 10/10
  6696 | D:8      | Learned a level 3 spell: Mephitic Cloud
  7311 | D:9      | Reached skill level 1 in Alchemy
  7332 | D:9      | Reached skill level 9 in Fighting
  7358 | D:9      | Reached skill level 1 in Conjurations
  7414 | D:9      | Found a roughly hewn altar of Beogh.
  7433 | D:9      | Reached *** piety under Okawaru
  7434 | D:9      | Reached skill level 1 in Spellcasting
  7434 | D:9      | Reached skill level 1 in Invocations
  7644 | D:9      | Found a flagged portal.
  7663 | Bailey   | Entered a bailey
  7762 | Bailey   | Reached **** piety under Okawaru
  7789 | Bailey   | Noticed a two-headed ogre
  7798 | Bailey   | Killed a two-headed ogre
  7799 | Bailey   | Reached XP level 11. HP: 66/90 MP: 11/14
  7979 | Bailey   | Identified the +3 steam dragon scales of Eternal Vigilance
                  | {MP+9 Str+4 Int+4 Stlth-}
  8142 | D:9      | Reached skill level 10 in Fighting
  8448 | D:9      | Noticed a seven-headed hydra
  8464 | D:9      | Killed a seven-headed hydra
  8465 | D:9      | Reached skill level 1 in Air Magic
  8679 | D:9      | Noticed a seven-headed hydra
  8680 | D:9      | Noticed a centaur warrior
  8812 | D:8      | Learned a level 4 spell: Olgreb's Toxic Radiance
  8916 | D:9      | Killed a seven-headed hydra
  8918 | D:9      | a centaur warrior changed into an ettin
  8918 | D:9      | Noticed an ettin
  8930 | D:9      | Killed an ettin
  9098 | D:9      | Noticed a cyclops
  9314 | D:9      | Killed a cyclops
  9315 | D:9      | Reached skill level 10 in Ranged Weapons
  9329 | D:9      | Reached ***** piety under Okawaru
  9461 | D:9      | Noticed a centaur warrior
  9476 | D:9      | Killed a centaur warrior
  9541 | D:9      | Noticed a cyclops
  9548 | D:9      | HP: 2/92 [cyclops/large rock (38)]
  9815 | D:9      | Killed a cyclops
  9933 | D:9      | Found Demuell's Book Shoppe.
 10052 | D:10     | Entered Level 10 of the Dungeon
 10165 | D:10     | Reached skill level 5 in Invocations
 10200 | D:10     | Identified the +1 robe of the Curupira {Slay+5}
 10404 | D:10     | Reached skill level 11 in Fighting
 10577 | D:10     | Found a staircase to the Lair.
 10605 | D:10     | Reached XP level 12. HP: 100/100 MP: 16/16
 10778 | D:10     | Found a white marble altar of Elyvilon.
 10804 | D:10     | Noticed Fannar
 10818 | D:10     | Killed Fannar
 10818 | D:10     | Received a gift from Okawaru
 11216 | D:10     | Noticed Nergalle
 11225 | D:10     | Killed Nergalle
 11562 | D:11     | Noticed a soul eater
 11597 | D:11     | Noticed a two-headed ogre
 11601 | D:11     | Killed a two-headed ogre
 11622 | D:11     | Noticed a two-headed ogre
 11629 | D:11     | Killed a two-headed ogre
 11630 | D:11     | Reached skill level 5 in Dodging
 11749 | D:11     | Noticed a boulder beetle
 11760 | D:11     | Killed a boulder beetle
 11938 | D:11     | Received a gift from Okawaru
 12047 | D:11     | Found a staircase to the Orcish Mines.
 12270 | D:11     | Noticed a boulder beetle
 12285 | D:11     | Killed a boulder beetle
 12698 | Lair:1   | Entered Level 1 of the Lair of Beasts
 12952 | Lair:1   | Reached skill level 10 in Evocations
 12953 | Lair:1   | Reached XP level 13. HP: 95/107 MP: 19/19
 13106 | Lair:1   | Identified the +8 trident of Truth {drain, ^Contam rElec
                  | rC+++ Stlth-}
 13459 | Lair:1   | Reached skill level 12 in Fighting
 14224 | Lair:2   | Received a gift from Okawaru
 14328 | Lair:2   | Learned a level 4 spell: Ignite Poison
 14927 | Lair:3   | Reached skill level 1 in Throwing
 14957 | Lair:3   | Found a hole to the Spider Nest.
 14994 | Lair:3   | Found a staircase to the Swamp.
 14994 | Lair:3   | Noticed an eleionoma
 15289 | Lair:3   | Killed an eleionoma
 15290 | Lair:3   | Reached skill level 1 in Fire Magic
 15832 | Lair:3   | Received a gift from Okawaru
 16216 | Lair:3   | Identified a scroll of acquirement
 16216 | Lair:3   | Acquired the scarf of Defiance {repulsion, +Blink}
 16422 | Orc:1    | Entered Level 1 of the Orcish Mines
 16436 | Orc:1    | Found Beso's Book Shoppe.
 16530 | Orc:1    | Reached skill level 5 in Alchemy
 16599 | Orc:1    | Noticed an orc warlord
 16605 | Orc:1    | Killed by an exploding orc wizard... ignited by their inner
                  | flame

Illustrated notes

Levels and vault maps discovered:
D:1:      ncdulo_halloftheorcs, layout_loops_corners, item_on_display_a
D:2:      layout_basic, uniq_terence, uniq_robin
D:3:      layout_rooms, gup_sewer_entry_pipe, serial_curves, eino_curves_04,
          eino_curves_03, eino_curves_04, uniq_sigmund
D:4:      minmay_spotlight, layout_loops_cross,
          grunt_temple_overflow_magic_moments, grunt_qazlal_clouds,
          uniq_eustachio, uniq_pikel
D:5:      layout_rooms, minmay_temple_entry_nine_rooms, serial_rivers,
          chequers_serial_rivers_micro_a, chequers_serial_rivers_large_a,
          chequers_serial_rivers_room_b, chequers_serial_rivers_micro_e,
          chequers_serial_rivers_large_b, chequers_serial_rivers_small_b,
          uniq_ijyb
D:6:      layout_rooms, zin_purify
D:7:      layout_loops_cross, regret_index_temple_of_mockery
D:8:      layout_basic, nicolae_yredelemnul_ghost_church, uniq_grum
D:9:      layout_cave_pools, serial_shops, nicolae_shop_real_fake_doors,
          special_room [special_room_orc], enter_bailey_3, minmay_evil_grid
D:10:     layout_stronghold, elyvilon_altar_1, due_lair_maze_entry_diamond,
          minmay_misc_feat_secret_circle, uniq_nergalle, uniq_fannar
D:11:     layout_basic, orc_0_dummy
Temple:   dshaligram_water_room_temple
Lair:1:   layout_layer_cave
Lair:2:   layout_chaotic_city
Lair:3:   layout_big_grid, alex1729_swamp_entry_worm_eleionoma,
          spider_nest_entry_web_field
Orc:1:    layout_caves, serial_shops, shop, minmay_orc_treasury, uniq_harold

Skill      XL: |  1  2  3  4  5  6  7  8  9 10 11 12 13 |
---------------+----------------------------------------+-----
Stealth        | 1 2 3 |  3.1
Dodging        | 2 3 6 7 |  7.4
Ranged Weapons | 4 5 6 7 8 9 10 | 10.0
Fighting       | 3 4 6 7 8 9 11 12 | 12.4
Evocations     | 2 6 7 10 11 | 11.4
Alchemy        | 2 4 5 |  5.0
Conjurations   | 2 |  2.0
Spellcasting   | 2 4 |  4.0
Invocations    | 3 5 6 |  6.0
Air Magic      | 2 3 |  3.0
Throwing       | 2 |  2.2
Fire Magic     | 2 |  2.3

Action                     |  1- 3 |  4- 6 |  7- 9 | 10-12 | 13-15 || total
---------------------------+-------+-------+-------+-------+-------++-------
   Fire: Sling             |   124 |   210 |   594 |  1124 |   470 ||  2522
 Invoke: Heroism           |       |       |       |     9 |     6 ||    15
  Evoke: Wand              |       |       |       |     8 |     1 ||     9
    Use: Scroll            |     2 |     2 |     9 |     7 |     5 ||    25
         Potion            |       |       |     2 |     2 |     1 ||     5
 Armour: Leather armour    |    10 |    29 |    94 |    37 |       ||   170
         Steam dragon scal |       |       |       |    78 |       ||    78
         Robe              |       |       |       |    37 |    34 ||    71
  Dodge: Dodged            |    16 |    38 |    79 |   124 |    35 ||   292
         Repelled          |       |       |       |       |     3 ||     3

Table legend: (Time is in decaauts)
 A = Elapsed time spent in this place.
 B = Non-inter-level travel time spent in this place.
 C = Inter-level travel time spent in this place.
 D = Time resting spent in this place.
 E = Time spent auto-exploring this place.
 F = Levels seen in this place.
 G = Mean time per level.
                   A        B        C        D        E       F      G
               +--------+--------+--------+--------+--------+-----+--------+
         Total |  16657 |  16002 |    655 |   1397 |  12301 |  18 |  925.4 |
       Dungeon |  12325 |  11809 |    516 |    965 |   9175 |  11 | 1120.5 |
        Temple |     18 |     18 |      0 |      0 |      0 |   1 |   18.0 |
          Lair |   3613 |   3476 |    137 |    371 |   2709 |   3 | 1204.3 |
  Orcish Mines |    178 |    178 |      0 |      0 |    135 |   1 |  178.0 |
         Sewer |     84 |     84 |      0 |      0 |     54 |   1 |   84.0 |
        Bailey |    435 |    435 |      0 |     61 |    227 |   1 |  435.0 |
               +--------+--------+--------+--------+--------+-----+--------+

Top non-repeatable levels by time:
     D:8: 2274 daAuts
     D:9: 1751 daAuts
    D:10: 1482 daAuts
  Lair:1: 1416 daAuts
  Lair:3: 1409 daAuts
     D:4: 1227 daAuts
    D:11: 1195 daAuts
     D:1: 982 daAuts
     D:5: 903 daAuts
     D:7: 826 daAuts
  Lair:2: 786 daAuts
     D:2: 704 daAuts
     D:3: 574 daAuts
  Bailey: 435 daAuts
     D:6: 404 daAuts
